 Dungeon Crawl Stone Soup version 0.20-a0-1015-g2ec8a95 (webtiles) character file.

11 Gorice the Sneak (level 2, -1/16 HPs)
             Began as a Kobold Enchanter on Apr 15, 2017.
             Slain by an ooze (2 damage)
             ... on level 1 of the Dungeon.
             The game lasted 00:01:00 (776 turns).

Gorice the Sneak (Kobold Enchanter)                  Turns: 776, Time: 00:01:00

Health: -1/16      AC:  2    Str:  5    XL:     2   Next: 35%
Magic:  3/5        EV: 15    Int: 16    God:
Gold:   0          SH:  0    Dex: 15    Spells: 4/5 levels left

rFire    . . .     SeeInvis .   a - +1 dagger
rCold    . . .     Gourm    .   (shield restricted)
rNeg     . . .     Faith    .   b - +0 robe
rPois    .         Spirit   .   (no helmet)
rElec    .         Reflect  .   (no cloak)
rCorr    .         Harm     .   (no gloves)
MR       .....                  (no boots)
Stlth    +++.......             (no amulet)
Regen    0.1/turn               (no ring)
MPRegen  0.1/turn               (no ring)

@: no status effects
A: carnivore 3
a: no special abilities


You were on level 1 of the Dungeon.
You were very full.

You visited 1 branch of the dungeon, and saw 1 of its levels.

Inventory:

Hand Weapons
 a - a +1 dagger (weapon)
Armour
 b - a +0 robe (worn)
Scrolls
 e - a scroll of remove curse {unknown}
Books
 c - a book of Maledictions
Comestibles
 d - a meat ration {!e}


   Skills:
 + Level 1.3 Fighting
 + Level 2.2 Short Blades
 - Level 2.4 Dodging
 - Level 4.0 Stealth
 - Level 2.1 Spellcasting
 - Level 3.0 Hexes


You had 4 spell levels left.
You knew the following spells:

 Your Spells              Type           Power        Failure   Level  Hunger
a - Corona                Hex            ##.....      8%          1    #......


Dungeon Overview and Level Annotations

Branches:
Dungeon (1/15)

Altars:


Innate Abilities, Weirdness & Mutations

You are small and have problems with some larger weapons.
You are carnivorous and can eat meat at any time.


Message History

The ooze is lightly wounded.
The ooze hits you.
Damage: 2 (max 2)
You hit the ooze.
The ooze is moderately wounded.
The ooze hits you.
Damage: 2 (max 2)
You hit the ooze.
The ooze is moderately wounded.
You hit the ooze.
The ooze is heavily wounded.
The ooze hits you.
Damage: 1 (max 2)
You hit the ooze.
The ooze is severely wounded.
The ooze hits you.
* * * LOW HITPOINT WARNING * * *
Damage: 5 (max 5)
You are too injured to fight recklessly!
You are too injured to fight recklessly!
You are too injured to fight recklessly!
You are too injured to fight recklessly!
You are too injured to fight recklessly!
You are too injured to fight recklessly!
You are too injured to fight recklessly!
You hit the ooze.
The ooze is severely wounded.
The ooze hits you.
* * * LOW HITPOINT WARNING * * *
Damage: 3 (max 5)
You hit the ooze but do no damage.
The ooze is severely wounded.
The ooze hits you.
* * * LOW HITPOINT WARNING * * *
Damage: 2 (max 5)
You hit the ooze but do no damage.
The ooze is severely wounded.
The ooze misses you.
You hit the ooze but do no damage.
The ooze is severely wounded.
The ooze barely misses you.
You hit the ooze but do no damage.
The ooze is severely wounded.
The ooze barely misses you.
You hit the ooze.
The ooze is severely wounded.
The ooze stops glowing.
The ooze misses you. The ooze misses you. The ooze hits you.
You die...

#.#.##.#.#######..#
#.#.##............#
#.#.####.########.# #.#
#.# #.# #)# #.########.#
#.# #........#.# #.#
#........#.# #.#
#........#.# #.#
#......@J..#############
#.#
#.####.....'............
#.# #.....#############
#.# #............. #.#
#............. #.#
#............. #.#
####.......... #.#
#.......... #.#
#..........


You could see an ooze.

Vanquished Creatures
  A dart slug (D:1)
  A leopard gecko (D:1)
  2 goblins (D:1)
  A hobgoblin (D:1)
  A kobold (D:1)
  A frilled lizard (D:1)
7 creatures vanquished.

Notes
Turn   | Place    | Note
-------+----------+-------------------------------------------
     0 | D:1      | Gorice the Kobold Enchanter began the quest for the Orb.
     0 | D:1      | Reached XP level 1. HP: 10/10 MP: 3/3
    71 | D:1      | HP: 1/11 [hobgoblin (5)]
    72 | D:1      | Reached skill level 2 in Short Blades
   422 | D:1      | Reached XP level 2. HP: 13/16 MP: 3/5
   493 | D:1      | Reached skill level 1 in Fighting
   769 | D:1      | HP: 3/16 [ooze (3)]
   770 | D:1      | HP: 1/16 [ooze (2)]
   776 | D:1      | Slain by an ooze

Vault maps used:
D:1:      ncdulo_wetmaze

Skill      XL: |  1  2 |
---------------+-------+-----
Short Blades   | 2 |  2.2
Fighting       | 1 |  1.3
Dodging        | |  2.4
Stealth        | |  4.0
Spellcasting   | |  2.1
Hexes          | |  3.0

Action                   || total
-------------------------++-------
Melee: Dagger            ||    52
 Cast: Corona            ||    10
 Stab: Sleeping          ||     1
  Eat: Chunk             ||     7
Armor: Robe              ||     2
Dodge: Dodged            ||    31

Table legend:
 A = Turns spent in this place as a percentage of turns spent in the entire game.
 B = Non-inter-level travel turns spent in this place as a percentage of non-inter-level travel turns spent in the entire game.
 C = Inter-level travel turns spent in this place as a percentage of turns spent in this place.
 D = Turns resting spent in this place as a percentage of non-inter-level travel turns spent in this place.
 E = Turns spent auto-exploring this place as a percentage of non-inter-level travel turns spent in this place.
 F = Non-inter-level travel turns spent in this place divided by the number of levels of this place that you've seen.
                   A       B       C       D       E      F
               +-------+-------+-------+-------+-------+----------------------
         Total | 100.0 | 100.0 |   0.0 |   7.7 |   5.2 | 155.0
       Dungeon | 100.0 | 100.0 |   0.0 |   7.7 |   5.2 | 155.0
               +-------+-------+-------+-------+-------+----------------------

Vault maps used:
D:1:      ncdulo_wetmaze
